 Dungeon Crawl Stone Soup version 0.28-a0-691-gad6df49e81 (webtiles) character file.

Game seed: 15936203682319227692

98 kae the Insei (level 4, -3/36 HPs)
             Began as a Demigod Transmuter on Oct 21, 2021.
             Slain by an adder (4 damage)
             ... on level 2 of the Dungeon.
             The game lasted 00:02:38 (3502 turns).

kae the Insei (Demigod Transmuter)                  Turns: 3502, Time: 00:02:38

Health: -3/36      AC:  2    Str: 11    XL:     4   Next: 21%
Magic:  8/10       EV: 12    Int: 19    God:
Gold:   95         SH:  0    Dex: 14    Spells: 3/7 levels left

rFire   . . .      SeeInvis .     - Unarmed
rCold   . . .      Faith    .   (no shield)
rNeg    . . .      Spirit   .   a - +0 robe
rPois   .          Reflect  .   (no helmet)
rElec   .          Harm     .   f - scarf {repulsion}
rCorr   .          Rampage  .   (no gloves)
Will    .....                   (no boots)
Stlth   +.........              (no amulet)
HPRegen 0.12/turn               (no ring)
MPRegen 0.12/turn               (no ring)

@: lethally poisoned (-3 -> -6), repel missiles
A: high mp 1, forlorn
a: no special abilities


You were on level 2 of the Dungeon.
You visited 1 branch of the dungeon, and saw 3 of its levels.

You collected 95 gold pieces.

Inventory:

Armour
 a - a +0 robe (worn)
 f - a scarf of repulsion (worn)
Jewellery
 d - a ring of ice
 e - a ring of willpower
 i - a +4 ring of protection
 k - a ring of see invisible
Wands
 h - a wand of charming (6)
Scrolls
 g - a scroll of identify


   Skills:
 + Level 1.6 Fighting
 - Level 1.7 Dodging
 * Level 3.5 Unarmed Combat
 + Level 2.2 Spellcasting
 * Level 2.9 Transmutations


You had 3 spell levels left.
You knew the following spells:

 Your Spells              Type           Power      Damage    Failure   Level
a - Beastly Appendage     Tmut           26%        N/A       4%          1
b - Spider Form           Tmut/Pois      3%         N/A       26%         3

Your spell library contained the following spells:

 Spells                   Type           Power      Damage    Failure   Level
 Wereblood                Tmut           13%        N/A       8%          2
 Ice Form                 Ice/Tmut       7%         N/A       65%         4


Dungeon Overview and Level Annotations

Branches:
Dungeon (3/15)


Innate Abilities, Weirdness & Mutations

Your attributes grow dramatically as you level up.
You have an increased reservoir of magic. (+10% MP)
You shall have no god before yourself.


Message History

The spell is quite dangerous to cast (26% risk of failure)!
Continue anyway?
You turn into a venomous arachnid creature.
Your scarf of repulsion melds into your body.
Your +0 robe melds into your body.
The haze of the repulsion field disappears.
The quokka completely misses you.
You hit the quokka.
The quokka is severely wounded.
The quokka closely misses you.
You barely miss the quokka.
The quokka is severely wounded.
The quokka misses you.
You hit the quokka but do no damage.
The quokka is poisoned.
The quokka is severely wounded.
The quokka misses you.
You hit the quokka.
You kill the quokka!
The adder bites you.
* * * LOW HITPOINT WARNING * * *
You barely miss the adder. The adder misses you.
You closely miss the adder. The adder bites you.
* * * LOW HITPOINT WARNING * * *
You closely miss the adder. The adder bites you.
* * * LOW HITPOINT WARNING * * *
You are lethally poisoned!
The adder poisons you!
You completely miss the adder.
* * * LOW HITPOINT WARNING * * *
You feel sick. The adder misses you. The adder barely misses you.
You hit the adder but do no damage.
* * * LOW HITPOINT WARNING * * *
You feel sick. The adder misses you.
You barely miss the adder.
Your transformation has ended.
Your scarf of repulsion unmelds from your body.
Your +0 robe unmelds from your body.
You are surrounded by a repulsion field.
* * * LOW HITPOINT WARNING * * *
You feel sick. The adder bites you.
You die...

#.......##(..##
#.######.###
#.......###g##
#........##. #.......#
#.# #.#########.
#.......# #g######.# #.
#)####### #.....##.# #.
#.# #####.##.# ## #.#
##.##.# # #.# ####...#.#
#.# #.@Sg#...# #.#
#.##...#.# # #.#
#####......#.# ###
#.#####............# #..
#.......#######..########
#.# #########
#.........###.#
##.######...... #.#
#......... #.###.###.##.#


You could see an adder and a hobgoblin.

Vanquished Creatures
  Jessica (D:2)
  An adder (D:2)
  A worm (D:2)
  A dart slug (D:2)
  3 endoplasms
  3 goblins
  5 hobgoblins
  6 jackals
  3 quokkas
  4 ball pythons
  13 bats
  5 frilled lizards
  6 kobolds
  4 rats
56 creatures vanquished.

Vanquished Creatures (others)
  A bat (D:2)
1 creature vanquished.

Grand Total: 57 creatures vanquished

Notes
Turn   | Place    | Note
-------+----------+-------------------------------------------
     0 | D:1      | kae the Demigod Transmuter began the quest for the Orb.
     0 | D:1      | Reached XP level 1. HP: 15/15 MP: 5/5
    49 | D:1      | Reached skill level 1 in Fighting
   379 | D:1      | Reached XP level 2. HP: 23/23 MP: 7/7
   562 | D:1      | Reached skill level 3 in Unarmed Combat
  1584 | D:2      | Reached XP level 3. HP: 17/28 MP: 6/8
  2225 | D:2      | Noticed Jessica
  2238 | D:2      | Killed Jessica
  2457 | D:2      | Learned a level 3 spell: Spider Form
  2532 | D:2      | Reached XP level 4. HP: 30/35 MP: 8/10
  3502 | D:2      | HP: 1/36 [poisoned by an adder]
  3502 | D:2      | Slain by an adder

Illustrated notes

Levels and vault maps discovered:
D:1:      dpeg_arrival_round_b, layout_basic, nrook_mini_vaults
D:2:      layout_loops_ring, dilly_ecumenical_altar_fadedgnrine, basic_altar,
          lemuel_flame_loot_1, uniq_jessica
D:3:      layout_basic

Skill      XL: |  1  2 |
---------------+-------+-----
Fighting       | 1 |  1.6
Transmutations | 2 |  2.9
Unarmed Combat | 3 |  3.5
Spellcasting   | 2 |  2.2
Dodging        | |  1.7

Action                   |  1- 3 |  4- 6 || total
-------------------------+-------+-------++-------
Melee: Unarmed           |   121 |    47 ||   168
       Kick              |    14 |     4 ||    18
       Headbutt          |     9 |     3 ||    12
       Punch             |     2 |       ||     2
 Cast: Beastly Appendage |    23 |     5 ||    28
       Spider Form       |       |     1 ||     1
Evoke: Wand              |       |     1 ||     1
  Use: Scroll            |       |     3 ||     3
Armor: Robe              |    36 |    12 ||    48
Dodge: Dodged            |   105 |    71 ||   176
       Repelled          |     1 |       ||     1

Table legend: (Time is in decaauts)
 A = Elapsed time spent in this place.
 B = Non-inter-level travel time spent in this place.
 C = Inter-level travel time spent in this place.
 D = Time resting spent in this place.
 E = Time spent auto-exploring this place.
 F = Levels seen in this place.
 G = Mean time per level.
                   A        B        C        D        E       F      G
               +--------+--------+--------+--------+--------+-----+--------+
         Total |   3492 |   3439 |     53 |    194 |   2795 |   3 | 1164.0 |
       Dungeon |   3492 |   3439 |     53 |    194 |   2795 |   3 | 1164.0 |
               +--------+--------+--------+--------+--------+-----+--------+

Top non-repeatable levels by time:
     D:2: 1883 daAuts
     D:1: 1552 daAuts
     D:3: 55 daAuts
